 Dungeon Crawl Stone Soup version 0.18.1-6-gd335043 (webtiles) character file.

1416 M4edhros the Transmogrifier (level 8, -1/53 HPs)
             Began as a Vampire Transmuter on May 16, 2016.
             Slain by a centaur (7 damage)
             ... on level 7 of the Dungeon.
             The game lasted 00:13:12 (2458 turns).

M4edhros the Transmogrifier (Vampire Transmuter)    Turns: 2458, Time: 00:13:13

Health: -1/53      AC: 12    Str: 10    XL:     8   Next: 43%
Magic:  11/11      EV:  8    Int: 21    God:
Gold:   176        SH:  7    Dex: 15    Spells: 3 memorised, 3 levels left

rFire  + + .     SeeInvis +     n - +1 dagger (venom)
rCold  x . .     Gourm    .     e - +2 fire dragon armour
rNeg   . . .     Faith    .     p - +2 buckler
rPois  .         Spirit   .     r - +0 helmet
rElec  .         Dismiss  .     (no cloak)
rCorr  .         Reflect  .     f - +0 pair of gloves
SustAt .         Harm     .     (no boots)
MR     .....                    (no amulet)
Stlth  ..........               (no ring)
                                u - ring of flight

@: brilliant, regenerating quickly, not resistant to hostile enchantments,
extremely unstealthy
A: fangs 3, see invisible, mutation resistance 2, unbreathing
a: Evoke Flight


You were on level 7 of the Dungeon.
You were very full.

You visited 1 branch of the dungeon, and saw 7 of its levels.

You collected 176 gold pieces.

Inventory:

Hand Weapons
 n - a +1 dagger of venom (weapon)
Missiles
 a - 51 arrows
 o - a throwing net (quivered)
Armour
 b - a +0 robe
 e - a +2 fire dragon armour (worn)
 f - a +0 pair of gloves (worn)
 p - a +2 buckler (worn)
 r - a +0 helmet (worn)
Magical Staves
 i - an uncursed staff of wizardry
Jewellery
 u - a ring of flight (left hand)
Wands
 m - a wand of flame (21/48)
Scrolls
 d - 2 scrolls of amnesia
 h - a scroll of immolation {unknown}
 v - a scroll of brand weapon
Potions
 g - a potion of blood
 k - 2 potions of brilliance
 q - 2 potions of invisibility {unknown}
 s - a potion of flight
 t - a potion of resistance {unknown}
Books
 c - a book of Changes

   Spells                             Type                      Level
   a - Beastly Appendage              Transmutation                1
   b - Sticks to Snakes               Transmutation                2
   c - Spider Form                    Transmutation/Poison         3
   d - Ice Form                       Ice/Transmutation            4
   e - Blade Hands                    Transmutation                5
 j - a book of the Earth

   Spells                             Type                      Level
   a - Leda's Liquefaction            Hexes/Earth                  4
   b - Bolt of Magma                  Conjuration/Fire/Earth       5
   c - Statue Form                    Transmutation/Earth          6
   d - Iron Shot                      Conjuration/Earth            6
   e - Shatter                        Earth                        9


   Skills:
 - Level 0.8 Fighting
 - Level 2.1 Dodging
 + Level 4.2 Shields
 + Level 6.6 Unarmed Combat
 - Level 2.0 Spellcasting
 * Level 8.5 Transmutations


You had 3 spell levels left.
You knew the following spells:

 Your Spells              Type           Power        Failure   Level  Hunger
a - Beastly Appendage     Trmt           ######       1%          1    #......
b - Sticks to Snakes      Trmt           ######..     1%          2    ##.....
c - Blade Hands           Trmt           ######....   28%         5    ######.


Dungeon Overview and Level Annotations

Branches:
Dungeon (7/15)
 Temple: D:4-7

Altars:
Elyvilon
Kikubaaqudgha

Annotations:
D:5 Pikel
D:7 Dowan, Duvessa


Innate Abilities, Weirdness & Mutations

Your natural rate of healing is unusually fast.
You have razor-sharp teeth.
You have supernaturally acute eyesight.
You can survive without breathing.
You are somewhat resistant to both further mutation and mutation removal.


Message History

You hit the centaur.
The centaur is poisoned.
You bite the centaur, but do no damage.
The centaur is almost dead.
The centaur hits you. You block the orc wizard's attack.
You barely miss the orc wizard. The centaur barely misses you.
The orc wizard gestures at you while chanting.
The puff of frost hits you!
You feel a terrible chill!
* * * LOW HITPOINT WARNING * * *
The centaur hits you but does no damage.
Unknown command.
Drink which item? (? for menu, Esc to quit)
Okay, then.
Drink which item? (? for menu, Esc to quit)
It was a potion of brilliance.
You feel clever all of a sudden.
The orc wizard casts a cantrip, but nothing happens.
The orc priest hits you from afar with a trident.
* * * LOW HITPOINT WARNING * * *
The centaur hits you!
You die...

..###.#.##........#.#
........ .
#.......(/<(#.#.# ........
#.#.##.#........# ........
.......##.......# ........
....######......###.......
... #................ .
##.......##.# #...
..#####([......##.###...
.....o.@####.#.#....|...
.#####oc# ####.#.....##.
#..# #.............
#..##......#+#.....
...##....#.#.......
o.#..............#......###
#.......####..........(..
.###o......
....#####..#.... ..........
#.... ..# .


You could see a centaur, an orc priest and an orc wizard.

Vanquished Creatures
  A hungry ghost (D:6)
  Menkaure (D:7)
  An orc warrior (D:6)
  A black bear (D:6)
  A slave (D:4)
  2 ogres (D:4)
  A phantom (D:6)
  Blork the orc (D:4)
  A big kobold (D:7)
  2 giant frogs
  A wyvern skeleton (D:7)
  A giant frog zombie (D:7)
  2 hounds (D:4)
  An orc priest (D:6)
  4 orc wizards
  4 worker ants
  A worker ant zombie (D:6)
  Robin (D:4)
  3 adders
  An adder skeleton (D:6)
  A worm (D:4)
  2 dart slugs
  8 orcs
  A giant cockroach (D:1)
  11 goblins
  5 hobgoblins
  2 jackals (D:6)
  5 kobolds
  2 quokkas
  2 bats (D:1)
  3 giant newts
  A rat (D:2)
74 creatures vanquished.

Vanquished Creatures (others)
  A fungus (D:4)
1 creature vanquished.

Grand Total: 75 creatures vanquished

Notes
Turn   | Place    | Note
--------------------------------------------------------------
     0 | D:1      | M4edhros the Vampire Transmuter began the quest for the Orb.
     0 | D:1      | Reached XP level 1. HP: 14/14 MP: 3/3
    43 | D:1      | lol, fire dragon armour on d1
   207 | D:2      | Reached skill level 3 in Transmutations
   207 | D:2      | Reached XP level 2. HP: 14/20 MP: 5/5
   495 | D:2      | Reached XP level 3. HP: 25/25 MP: 6/6
   602 | D:4      | Found a white marble altar of Elyvilon.
   629 | D:4      | Reached skill level 4 in Transmutations
   643 | D:4      | HP: 1/25 [poisoned by a worker ant]
   669 | D:4      | Reached XP level 4. HP: 14/31 MP: 7/7
   703 | D:4      | Learned a level 2 spell: Sticks to Snakes
   732 | D:4      | Noticed a giant frog
   744 | D:4      | Killed a giant frog
   744 | D:4      | Reached skill level 1 in Shields
   744 | D:4      | Reached XP level 5. HP: 19/36 MP: 8/8
   747 | D:4      | Reached skill level 5 in Transmutations
   784 | D:5      | Entered Level 5 of the Dungeon
   791 | D:5      | Noticed a slave
   792 | D:5      | Noticed Pikel
   815 | D:4      | Noticed Robin
   898 | D:4      | Killed Robin
   898 | D:4      | Reached XP level 6. HP: 19/42 MP: 9/9
   987 | D:4      | Killed a slave
  1090 | D:4      | Noticed Blork the orc
  1102 | D:4      | Killed Blork the orc
  1102 | D:4      | Reached skill level 5 in Unarmed Combat
  1199 | D:4      | Gained mutation: You are somewhat resistant to further mutation. [potion of mutation]
  1199 | D:4      | Gained mutation: You are somewhat resistant to both further mutation and mutation removal. [potion of mutation]
  1208 | D:4      | Reached skill level 6 in Transmutations
  1286 | D:4      | Reached XP level 7. HP: 31/47 MP: 10/10
  1401 | D:4      | Found an ancient bone altar of Kikubaaqudgha.
  1590 | D:6      | Noticed a hungry ghost
  1609 | D:6      | Killed a hungry ghost
  1847 | D:7      | Noticed Menkaure
  1863 | D:6      | Reached skill level 7 in Transmutations
  2122 | D:6      | Reached XP level 8. HP: 38/53 MP: 11/11
  2257 | D:7      | Killed Menkaure
  2257 | D:7      | Reached skill level 8 in Transmutations
  2296 | D:7      | Noticed Duvessa
  2300 | D:7      | Noticed Dowan
  2401 | D:7      | Learned a level 5 spell: Blade Hands
  2458 | D:7      | Slain by a centaur

Skill      XL: |  1  2  3  4  5  6  7  8 |
---------------+-------------------------+-----
Transmutations | 3 4 5 6 7 8 |  8.5
Unarmed Combat | 4 5 6 |  6.6
Shields        | 1 2 3 4 |  4.2
Fighting       | |  0.8
Dodging        | |  2.1
Spellcasting   | |  2.0

Action                   |  1- 3 |  4- 6 |  7- 9 || total
-------------------------+-------+-------+-------++-------
Melee: Unarmed           |    79 |    69 |    68 ||   216
       Bite              |     8 |    15 |    22 ||    45
       Punch             |     1 |       |       ||     1
       Dagger            |       |    55 |   115 ||   170
 Cast: Sticks to Snakes  |       |       |     2 ||     2
Evoke: Wand              |       |       |     3 ||     3
  Use: Potion            |    10 |     7 |     6 ||    23
       Scroll            |       |       |     9 ||     9
Armor: Fire dragon armou |    40 |    36 |    83 ||   159
Dodge: Dodged            |    25 |    37 |    67 ||   129
Block: Buckler           |       |    40 |    75 ||   115
